 Dungeon Crawl Stone Soup version 0.23.2-1-ga50397a (webtiles) character file.

Game seed: 15852270318460329647

84 Borgoz the Cutter (level 4, -7/29 HPs)
             Began as a Halfling Gladiator on May 14, 2019.
             Was an Initiate of Okawaru.
             Killed from afar by an orc (35 damage)
             ... with an exploding inner flame
             ... hexed by the player character
             ... on level 3 of the Dungeon.
             The game lasted 00:02:20 (2012 turns).

Borgoz the Cutter (Halfling Gladiator)              Turns: 2012, Time: 00:02:21

Health: -7/29      AC:  4    Str: 15    XL:     4   Next: 72%
Magic:  4/4        EV: 16    Int:  6    God:    Okawaru [......]
Gold:   126        SH:  0    Dex: 16    Spells: 3/3 levels left

rFire    . . .     SeeInvis .   a - +0 rapier
rCold    . . .     Gourm    .   (shield restricted)
rNeg     . . .     Faith    .   b - +0 leather armour
rPois    +         Spirit   .   c - +0 helmet
rElec    .         Reflect  .   (no cloak)
rCorr    .         Harm     .   (no gloves)
MR       .....                  (no boots)
Stlth    ++........             (no amulet)
HPRegen  0.09/turn              (no ring)
MPRegen  0.09/turn              i - ring of poison resistance

@: no status effects
A: small, mutation resistance 1
a: Renounce Religion


You were on level 3 of the Dungeon.
You worshipped Okawaru.
Okawaru was noncommittal.
You were not hungry.

You visited 1 branch of the dungeon, and saw 3 of its levels.

You collected 126 gold pieces.

Inventory:

Hand Weapons
 a - a +0 rapier (weapon)
Missiles
 d - 4 throwing nets (quivered)
Armour
 b - a +0 leather armour (worn)
 c - a +0 helmet (worn)
Jewellery
 h - an uncursed ring of flight
 i - a ring of poison resistance (right hand)
 o - an uncursed ring of protection from magic {unknown}
Scrolls
 e - a scroll of identify
 n - a scroll of remove curse
 r - a scroll of enchant weapon {unknown}
Potions
 g - a potion of degeneration
 j - 2 potions of curing {unknown}
 k - a potion of agility {unknown}
 l - a potion of brilliance {unknown}
 q - a potion of ambrosia {unknown}
Comestibles
 f - 7 rations
 p - 4 chunks of flesh


   Skills:
 + Level 2.1 Fighting
 * Level 4.6 Short Blades
 + Level 2.5 Throwing
 + Level 1.4 Armour
 + Level 3.7 Dodging
 + Level 1.3 Stealth


You had 3 spell levels left.
You didn't know any spells.
Your spell library was empty.

Dungeon Overview and Level Annotations

Branches:
Dungeon (3/15)

Altars:
Fedhas
Okawaru
Wu Jian


Innate Abilities, Weirdness & Mutations

You are small and have problems with some larger weapons.
You are somewhat resistant to further mutation.


Message History

Okay, then.
You aren't carrying any items that you can evoke.
Okay, then.
As you read the scroll labeled IFUIRITE HAULO, it crumbles to dust.
The creatures around you are filled with an inner flame!
It was a scroll of immolation.
The orc throws a tomahawk.
The tomahawk barely misses you.
As you read the scroll labeled QAJUNW AKHLUZOD, it crumbles to dust.
You feel blessed for a moment.
It was a scroll of remove curse.
As you read the scroll labeled UNLOAC JUDUEQU, it crumbles to dust.
It is a scroll of identify.
g - a potion of degeneration The orc misses you.
You see here 2 tomahawks.
The orc barely misses you.
You puncture the orc!
The orc explodes!
The fiery explosion engulfs you!!
Ouch! That really hurt!
You die...

#####..............#....#
......#...####.......#..#
...
................##.#.#..#
...
######.#..........#.#..#
.>#
#.######.....#.#..#.).#
#.# #####.#.#..#.... #.#
#.#......####
##.##########.###........
#........@.§o.o.o..#
#############.####.#
........# .# #######.# .#
### ##


You could see an orc priest (inner flame) and 2 orcs.

Vanquished Creatures
  2 adders (D:2)
  2 gnolls
  An ooze (D:3)
  A worm (D:2)
  2 dart slugs (D:1)
  6 goblins
  2 hobgoblins
  3 jackals (D:1)
  2 quokkas (D:2)
  5 bats
  4 frilled lizards
  3 kobolds
  6 rats
39 creatures vanquished.

Notes
Turn   | Place    | Note
-------+----------+-------------------------------------------
     0 | D:1      | Borgoz the Halfling Gladiator began the quest for the Orb.
     0 | D:1      | Reached XP level 1. HP: 14/14 MP: 1/1
    77 | D:1      | Reached XP level 2. HP: 16/19 MP: 2/2
   335 | D:1      | Reached skill level 4 in Short Blades
   635 | D:1      | Reached XP level 3. HP: 24/24 MP: 3/3
   700 | D:1      | Reached skill level 1 in Armour
  1261 | D:2      | Reached skill level 1 in Stealth
  1261 | D:2      | Reached XP level 4. HP: 27/29 MP: 4/4
  1512 | D:2      | Found a blossoming altar of Fedhas.
  1584 | D:2      | Found an ornate altar of the Wu Jian Council.
  1804 | D:2      | Found an iron altar of Okawaru.
  1903 | D:2      | Became a worshipper of Warmaster Okawaru
  2012 | D:3      | Killed from afar by an orc

Skill      XL: |  1  2  3 |
---------------+----------+-----
Short Blades   | 4 |  4.6
Armour         | 1 |  1.4
Fighting       | 2 |  2.1
Stealth        | 1 |  1.3
Throwing       | |  2.5
Dodging        | |  3.7

Action                   |  1- 3 |  4- 6 || total
-------------------------+-------+-------++-------
Melee: Rapier            |    68 |    49 ||   117
  Use: Scroll            |       |     4 ||     4
 Stab: Sleeping          |     3 |       ||     3
  Eat: Chunk             |       |     3 ||     3
Armor: Leather armour    |    11 |     9 ||    20
Dodge: Dodged            |    45 |    39 ||    84
